 Dungeon Crawl Stone Soup version 0.30-a0-12-gd8047c6341 (webtiles) character file.

Game seed: 487652443186656266

10220 Newt the Thaumaturge (level 11, -5/77 HPs)
             Began as a Demonspawn Gladiator on Aug 23, 2022.
             Was an Initiate of Gozag.
             Slain by a killer bee (8 damage)
             ... on level 10 of the Dungeon.
             The game lasted 00:30:28 (14135 turns).

Newt the Thaumaturge (Demonspawn Gladiator)        Turns: 14135, Time: 00:30:29

Health: -5/77      AC:  4    Str: 17    XL:     11   Next: 33%
Magic:  34/34      EV: 11    Int: 10    God:    Gozag
Gold:   1294       SH: 13    Dex: 16    Spells: 28/31 levels left

rFire   . . .      SeeInvis .    b - +3 sling (venom)
rCold   . . .      Faith    .    y - +3 kite shield
rNeg    . . .      Spirit   .    E - +0 leather armour of Daffodils {MP+9}
rPois   .          Reflect  .    (helmet unavailable)
rElec   .          Harm     .    (no cloak)
rCorr   .          Rampage  .    l - +0 pair of gloves
Will    .....                    (no boots)
Stlth   ++........               (no amulet)
HPRegen 0.22/turn                (no ring)
MPRegen 0.48/turn                (no ring)

@: lethally poisoned (-5 -> -10), gold aura
A: hooves 1, horns 3, spiny 2, magic regeneration, demonic touch 1
a: Renounce Religion, Potion Petition, Call Merchant, Bribe Branch


You were on level 10 of the Dungeon.
You worshipped Gozag.
Gozag was most pleased with you.
You visited 2 branches of the dungeon, and saw 11 of its levels.
You also visited: Ossuary and Bailey.

You collected 2051 gold pieces.
You spent 681 gold pieces at shops.
You paid 76 gold pieces to Gozag.

Inventory:

Hand Weapons
 a - a +0 rapier
 b - a +3 sling of venom (weapon)
Missiles
 k - 148 stones
 r - 42 poisoned darts
 t - 4 boomerangs
 R - 9 javelins
 T - 6 curare-tipped darts
Armour
 c - a +0 helmet
 e - a +2 scale mail of fire resistance
 f - a +0 ring mail
 l - a +0 pair of gloves (worn)
 m - a +0 chain mail
 q - the +0 mask of the Dragon {Will+ Slay+3 SInv}
   (You found it in a bailey)

   Slay:      It affects your accuracy & damage with ranged weapons and melee
   (+3).
   SInv:      It lets you see invisible.
   Will:      It increases your willpower.
 s - a +0 leather armour
 u - a +1 leather armour of poison resistance
 w - a +2 leather armour of cold resistance
 y - a +3 kite shield (worn)
 C - a +0 helmet of intelligence
 E - the +0 leather armour of Daffodils (worn) {MP+9}
   (You found it on level 6 of the Dungeon)

   MP:        It affects your magic capacity (+9).
Jewellery
 o - an amulet of faith
 v - an amulet of guardian spirit
 B - an amulet of the acrobat
 D - a ring of ice
 H - a ring of ice
 J - an amulet of regeneration
 V - a ring of fire
Wands
 A - a wand of flame (20)
 O - a wand of paralysis (14)
 Q - a wand of mindburst (4)
 S - a wand of roots (14)
 X - a wand of polymorph (1)
Scrolls
 i - 2 scrolls of noise
 x - 2 scrolls of brand weapon
 K - 2 scrolls of blinking
 P - a scroll of torment {unknown}
 U - a scroll of teleportation
 W - a scroll of identify
Potions
 d - a potion of resistance
 g - 4 potions of cancellation
 h - 6 potions of magic
 j - 5 potions of brilliance
 n - 4 potions of curing
 p - 2 potions of degeneration
 z - a potion of mutation
 F - a potion of flight
 G - 2 potions of might
 I - 2 potions of attraction
 L - a potion of lignification
 M - a potion of berserk rage
 N - a potion of ambrosia


   Skills:
 - Level 4.0 Fighting
 - Level 4.0 Short Blades
 - Level 8.0 Ranged Weapons
 - Level 4.0 Throwing
 - Level 2.6 Dodging
 - Level 2.0 Stealth
 - Level 5.0 Shields
 + Level 10.8 Spellcasting
 - Level 5.0 Translocations


You had 28 spell levels left.
You knew the following spells:

 Your Spells              Type           Power      Damage    Failure   Level
a - Portal Projectile     Hex/Tloc       20%        N/A       43%         3

Your spell library contained the following spells:

 Spells                   Type           Power      Damage    Failure   Level
 Gell's Gravitas          Tloc           15%        N/A       17%         3
 Teleport Other           Tloc           15%        N/A       17%         3
 Beastly Appendage        Tmut           10%        N/A       41%         1
 Necrotise                Necr           20%        1d5       41%         1
 Slow                     Hex            20%        N/A       41%         1
 Static Discharge         Conj/Air       5%         3-4/arc   54%         2
 Wereblood                Tmut           5%         N/A       54%         2
 Confusing Touch          Hex            5%         N/A       78%         3
 Dazzling Flash           Conj/Hex       10%        N/A       78%         3
 Spider Form              Tmut/Pois      5%         N/A       78%         3
 Vampiric Draining        Necr           5%         2d6       78%         3
 Iskenderun's Mystic Bla  Conj/Tloc      10%        2d4       83%         4
 Cause Fear               Hex            2%         N/A       99%         4
 Agony                    Necr           5%         N/A       100%        5
 Alistair's Intoxication  Tmut/Pois      3%         N/A       100%        5
 Borgnjor's Vile Clutch   Necr/Erth      2%         N/A       100%        5
 Lightning Bolt           Conj/Air       2%         1d14      100%        5
 Dispersal                Tloc           7%         N/A       100%        6
 Eringya's Noxious Bog    Tmut/Pois      2%         N/A       100%        6
 Starburst                Conj/Fire      2%         6d3       100%        6
 Dragon Form              Tmut           2%         N/A       100%        7
 Maxwell's Capacitive Co  Air            2%         ∞         100%        8
 Necromutation            Tmut/Necr      2%         N/A       100%        8
 Dragon's Call            Summ           2%         N/A       100%        9


Dungeon Overview and Level Annotations

Branches:
Dungeon (10/15)            Temple (1/1) D:5            Lair (0/5) D:10
    Orc (0/2) D:10        Ossuary (visited)          Bailey (visited)

Altars:
Ashenzari
Cheibriados
Dithmenos
Fedhas
Gozag
Hepliaklqana
Kikubaaqudgha
Makhleb
Nemelex Xobeh
Okawaru
Qazlal
Ru
Sif Muna
Trog
Uskayaw
Vehumet
Wu Jian
Xom
Yredelemnul

Shops:
D:1 ?   D:4 =   D:7 !(*(   D:9 *


Innate Abilities, Weirdness & Mutations

You have large cloven feet.
You have a pair of large horns on your head.
You are mostly covered in sharp spines.
You regenerate magic rapidly.
Your touch may inflict minor irresistible damage on your foes.


Message History

A killer bee comes into view.
Fire: b) +3 sling (venom)
Press: ? - help, Shift-Dir - straight line, f/p - two-headed ogre
Aim: a two-headed ogre, wielding two +0 giant clubs (lightly wounded, 79% to hit)
You shoot a sling bullet. The sling bullet hits the killer bee!
The killer bee is poisoned.
The killer bee is heavily wounded.
You kill the killer bee!
You block the killer bee's attack. The killer bee misses you.
The killer bee stings you.
Fire: b) +3 sling (venom)
Press: ? - help, Shift-Dir - straight line, f/p - two-headed ogre
Aim: a two-headed ogre, wielding two +0 giant clubs (lightly wounded, 79% to hit)
You shoot a sling bullet.
The sling bullet hits the two-headed ogre.
The two-headed ogre is lightly wounded.
The killer bee is struck by your spines.
The killer bee barely misses you.
The two-headed ogre hits you with a +0 giant club!
The two-headed ogre hits you with a +0 giant club!!
Fire: b) +3 sling (venom)
Press: ? - help, Shift-Dir - straight line, f/p - two-headed ogre
Aim: a two-headed ogre, wielding two +0 giant clubs (lightly wounded, 79% to hit)
You shoot a sling bullet.
The sling bullet hits the two-headed ogre!
The two-headed ogre is poisoned.
The two-headed ogre is moderately wounded.
The killer bee is struck by your spines.
The killer bee stings you. You block the killer bee's attack. x2
The killer bee stings you!
You are poisoned.
The killer bee poisons you!
The two-headed ogre attacks as you move away!
The two-headed ogre hits you with a +0 giant club!!
* * * LOW HITPOINT WARNING * * *
You block the two-headed ogre's attack.
* * * LOW HITPOINT WARNING * * *
You feel sick. The killer bee stings you!
You die...
Your body crumbles into a pile of gold.

..# .#y.#
..####....# ....$$..
##..... #..$.# ###
#...### ##.##
#yO...#### ....#
#..y...... ....##
#.@....... .....####
##....#### ###.....#
#...## #.....#
##...# ##...##
##...##
###.>..[######....#
#.................##
...................#
..###...#####......#
..# ##


You could see a two-headed ogre (very poisoned) and 2 killer bees.

Vanquished Creatures
  A two-headed ogre (D:10)
  Joseph (D:7)
  An elephant (D:10)
  A gargoyle (Bailey)
  4 kobold demonologists
  A troll (D:8)
  Prince Ribbit (D:7)
  A vampire (D:8)
  5 yaks
  A wyvern (D:10)
  Grum (D:9)
  2 basilisks
  Menkaure (D:6)
  A warg (D:10)
  2 water moccasins
  Edmund (D:4)
  Duvessa (D:3)
  6 orc warriors
  2 sky beasts (D:7)
  4 wolves (D:9)
  3 centaurs (D:10)
  4 phantoms
  9 kobold brigands
  2 elf zombies (Ossuary)
  Blork the orc (D:4)
  A bullfrog (D:6)
  4 scorpions (D:5)
  A gnoll sergeant (D:9)
  5 wights (D:9)
  Dowan (D:3)
  10 killer bees
  An electric eel (D:7)
  A centaur zombie (Ossuary)
  2 human zombies (Ossuary)
  4 hounds
  16 orc priests
  Natasha (thrice) (D:3)
  2 iguanas (D:7)
  11 orc wizards
  2 mummies (Ossuary)
  Robin (D:4)
  18 gnolls
  9 adders
  3 shadow imps (D:8)
  A white imp (D:7)
  An ufetubus (D:5)
  An adder zombie (Ossuary)
  A worm (D:3)
  4 dart slugs
  53 orcs
  2 bats
  6 endoplasms
  3 giant cockroaches
  11 hobgoblins
  37 kobolds
  4 quokkas
  10 ball pythons
  20 frilled lizards
  19 goblins
  3 goblin zombies
  6 hobgoblin zombies (Ossuary)
  A jackal zombie (Ossuary)
  11 kobold skeletons (D:8)
  15 kobold zombies
  26 orc zombies
  A quokka zombie (D:5)
  3 rats (D:2)
  2 rat zombies (Ossuary)
393 creatures vanquished.

Vanquished Creatures (collateral kills)
  A goblin (D:3)
  A bat (D:3)
2 creatures vanquished.

Vanquished Creatures (others)
  A scorpion (D:6)
  A fungus (D:10)
  5 plants
7 creatures vanquished.

Grand Total: 402 creatures vanquished

Notes
Turn   | Place    | Note
-------+----------+-------------------------------------------
     0 | D:1      | Newt the Demonspawn Gladiator began the quest for the Orb.
     0 | D:1      | Reached XP level 1. HP: 16/16 MP: 1/1
    98 | D:1      | Reached skill level 1 in Stealth
   298 | D:1      | Got the Anthology of Distorted Left-Handed Deeds
   401 | D:1      | Discovered your monstrous ancestry.
   401 | D:1      | Gained mutation: Your touch may inflict minor irresistible
                  | damage on your foes. [demonic ancestry]
   401 | D:1      | Reached XP level 2. HP: 20/22 MP: 2/2
   743 | D:1      | Gained mutation: You have large cloven feet. [demonic
                  | ancestry]
   743 | D:1      | Reached XP level 3. HP: 21/27 MP: 3/3
  1059 | D:1      | Found Nydugg's Magic Scroll Boutique.
  2345 | D:3      | Gained mutation: You are partially covered in sharp spines.
                  | [demonic ancestry]
  2345 | D:3      | Reached XP level 4. HP: 29/33 MP: 4/4
  2430 | D:3      | Reached skill level 1 in Ranged Weapons
  2828 | D:2      | Gained mutation: You are mostly covered in sharp spines.
                  | [demonic ancestry]
  2828 | D:2      | Reached XP level 5. HP: 27/38 MP: 5/5
  3363 | D:3      | Noticed Natasha
  3366 | D:3      | Killed Natasha
  3410 | D:3      | Noticed Natasha
  3415 | D:3      | Killed Natasha
  3529 | D:3      | Noticed Natasha
  3532 | D:3      | Killed Natasha
  3533 | D:3      | Gained mutation: You regenerate magic rapidly. [demonic
                  | ancestry]
  3533 | D:3      | Reached XP level 6. HP: 39/44 MP: 6/6
  3542 | D:4      | Noticed Duvessa
  3542 | D:4      | Noticed Dowan
  3558 | D:3      | Killed Duvessa
  3560 | D:3      | Killed Dowan
  3870 | D:4      | Noticed Edmund
  3884 | D:4      | Killed Edmund
  3885 | D:4      | Reached XP level 7. HP: 24/50 MP: 7/7
  4186 | D:4      | Noticed Robin
  4193 | D:4      | Killed Robin
  4329 | D:4      | Noticed Blork the orc
  4340 | D:4      | Killed Blork the orc
  4482 | D:4      | Found Defiuzod's Jewellery Boutique.
  4770 | D:1      | Bought a scroll of identify for 22 gold pieces
  4770 | D:1      | Bought a scroll of identify for 22 gold pieces
  4770 | D:1      | Bought a scroll of enchant weapon for 82 gold pieces
  4770 | D:1      | Bought a scroll of teleportation for 33 gold pieces
  4909 | D:5      | Entered Level 5 of the Dungeon
  4911 | D:5      | Reached skill level 5 in Shields
  5067 | D:5      | Reached skill level 5 in Ranged Weapons
  5138 | D:5      | Found a sand-covered staircase.
  5147 | Ossuary  | Entered an ossuary
  5313 | Ossuary  | Gained mutation: You have a pair of small horns on your
                  | head. [demonic ancestry]
  5313 | Ossuary  | Reached XP level 8. HP: 49/56 MP: 8/8
  5873 | D:5      | Found a staircase to the Ecumenical Temple.
  5878 | Temple   | Entered the Ecumenical Temple
  6039 | Temple   | Became a worshipper of Gozag Ym Sagoz the Greedy
  7054 | D:6      | Reached XP level 9. HP: 65/65 MP: 9/9
  7341 | D:6      | Noticed Menkaure
  7376 | D:6      | Identified the +0 leather armour of Daffodils {MP+9}
  7437 | D:6      | Killed Menkaure
  7991 | D:7      | Found a flagged portal.
  8005 | Bailey   | Entered a bailey
  8047 | Bailey   | Reached skill level 1 in Translocations
  8569 | Bailey   | Noticed a gargoyle
  8589 | Bailey   | Killed a gargoyle
  8601 | Bailey   | Found the +0 mask of the Dragon {Will+ Slay+3 SInv}
  9058 | D:7      | Found Uwit's Weapon Emporium.
  9092 | D:7      | Identified the +4 hand axe of Harmony {pain, Will- Str-4
                  | Int+7 SInv}
  9289 | D:7      | Found Varhatote's Distillery.
  9297 | D:7      | Bought 2 potions of heal wounds for 120 gold pieces
  9297 | D:7      | Bought a potion of lignification for 36 gold pieces
  9297 | D:7      | Bought a potion of berserk rage for 60 gold pieces
  9297 | D:7      | Bought a potion of ambrosia for 96 gold pieces
  9523 | D:7      | Found Caesyr's General Store.
  9531 | D:7      | Bought a scroll of enchant weapon for 105 gold pieces
  9531 | D:7      | Bought a scroll of blinking for 105 gold pieces
  9548 | D:7      | Reached skill level 5 in Translocations
  9585 | D:7      | Reached skill level 1 in Spellcasting
  9594 | D:7      | Reached skill level 2 in Spellcasting
  9832 | D:7      | Noticed Joseph
  9833 | D:7      | Noticed Prince Ribbit
  9848 | D:7      | Paralysed by Joseph for 2 turns
  9849 | D:7      | Killed Prince Ribbit
  9850 | D:7      | Reached skill level 3 in Spellcasting
  9850 | D:7      | Killed Joseph
  9851 | D:7      | Reached skill level 4 in Spellcasting
 10109 | D:7      | Found Cotup's Antique Weapon Boutique.
 10202 | D:8      | Gained mutation: You have a pair of horns on your head.
                  | [demonic ancestry]
 10202 | D:8      | Reached XP level 10. HP: 56/71 MP: 16/16
 10555 | D:8      | Reached skill level 5 in Spellcasting
 10840 | D:8      | Learned a level 3 spell: Portal Projectile
 10878 | D:8      | Noticed a rust devil
 10880 | D:8      | Reached skill level 6 in Spellcasting
 10901 | D:8      | Found an ancient bone altar of Kikubaaqudgha.
 11265 | D:8      | Found a blossoming altar of Fedhas.
 11432 | D:9      | Found Gaakiosh's Assorted Antiques.
 11467 | D:8      | Reached skill level 7 in Spellcasting
 12309 | D:9      | Reached skill level 8 in Spellcasting
 12368 | D:9      | Noticed Grum
 12377 | D:9      | Killed Grum
 12457 | D:10     | Entered Level 10 of the Dungeon
 12465 | D:10     | Noticed an elephant
 12532 | D:9      | Reached skill level 9 in Spellcasting
 12658 | D:10     | Identified the +5 rapier "Jiuv" {vamp, *Rage *Noise rCorr
                  | Str+4}
 12664 | D:10     | Killed an elephant
 12667 | D:10     | Noticed a sixfirhy
 12672 | D:10     | Gained mutation: You have a pair of large horns on your
                  | head. [demonic ancestry]
 12672 | D:10     | Reached XP level 11. HP: 28/77 MP: 13/24
 12681 | D:10     | Noticed a sixfirhy
 12902 | D:10     | Found a staircase to the Lair.
 13031 | D:10     | Noticed a two-headed ogre
 13053 | D:10     | Killed a two-headed ogre
 13054 | D:10     | Reached skill level 10 in Spellcasting
 13084 | D:10     | Found a staircase to the Orcish Mines.
 13453 | D:10     | Noticed a soul eater
 14125 | D:10     | Noticed a two-headed ogre
 14135 | D:10     | HP: 3/77 [poisoned by a killer bee]
 14135 | D:10     | Slain by a killer bee

Illustrated notes

Levels and vault maps discovered:
D:1:      dpeg_arrival_orchard, layout_loops_corners, serial_shops, shop
D:2:      layout_basic, amcnicky_mini_pool_small
D:3:      layout_rooms, chequers_arboretum, dk_vineyard_3, minmay_lizard_king,
          uniq_natasha
D:4:      layout_rooms, serial_shops, nicolae_diamond_shop, uniq_robin,
          uniq_blork_the_orc, uniq_edmund, uniq_duvessa
D:5:      layout_loops_ring, temple_doors_cd, enter_ossuary_4
D:6:      lemuel_ice_spiral_2, layout_rooms, corexii_shack,
          kennysheep_minor_cross, uniq_menkaure
D:7:      layout_cave_pods, serial_shops, shop, shop, nicolae_diamond_shop,
          kennysheep_little_box, lightli_bailey_entry_fortress,
          wad_floor_pattern_1, hangedman_abyss_or_decor_lesser_grid,
          serial_bayou_pond_b, uniq_prince_ribbit1, uniq_joseph
D:8:      wander_kiku_kobolds, layout_rooms, fedhas_altar_4, nrook_campfire
D:9:      layout_rooms, serial_shops, nicolae_diamond_shop, lightli_orcish_oven,
          uniq_grum
D:10:     layout_layer_cave, david_lair_generic, david_orc_1_choice, minivault_7
Temple:   kilobyte_greek_temple

Skill      XL: |  1  2  3  4  5  6  7  8  9 10 11 |
---------------+----------------------------------+-----
Stealth        | 1 2 |  2.0
Short Blades   | 3 4 |  4.0
Ranged Weapons | 2 4 5 7 8 |  8.0
Shields        | 3 5 |  5.0
Fighting       | 4 |  4.0
Throwing       | 4 |  4.0
Translocations | 5 |  5.0
Spellcasting   | 4 9 10 | 10.8
Dodging        | |  2.6

Action                   |  1- 3 |  4- 6 |  7- 9 | 10-12 || total
-------------------------+-------+-------+-------+-------++-------
Melee: Rapier            |    58 |     4 |     9 |       ||    71
       Touch             |     4 |     2 |       |       ||     6
       Kick              |     9 |     1 |     2 |       ||    12
       Punch             |     1 |       |       |       ||     1
       Headbutt          |       |       |     2 |       ||     2
 Fire: Sling             |    35 |   106 |   621 |   409 ||  1171
Throw: Throwing net      |       |     4 |     4 |       ||     8
       Javelin           |       |       |     1 |     3 ||     4
       Dart              |       |       |       |     1 ||     1
Evoke: Wand              |       |       |     1 |     6 ||     7
  Use: Scroll            |     8 |     2 |    12 |     5 ||    27
       Potion            |       |       |    10 |     4 ||    14
 Stab: Sleeping          |     3 |       |       |       ||     3
Armor: Leather armour    |    14 |    13 |    35 |    23 ||    85
Dodge: Dodged            |    33 |    39 |    90 |    83 ||   245
Block: Kite shield       |       |    21 |   181 |   132 ||   334

Table legend: (Time is in decaauts)
 A = Elapsed time spent in this place.
 B = Non-inter-level travel time spent in this place.
 C = Inter-level travel time spent in this place.
 D = Time resting spent in this place.
 E = Time spent auto-exploring this place.
 F = Levels seen in this place.
 G = Mean time per level.
                   A        B        C        D        E       F      G
               +--------+--------+--------+--------+--------+-----+--------+
         Total |  14457 |  13625 |    832 |   2721 |   8066 |  13 | 1112.1 |
       Dungeon |  12758 |  11997 |    761 |   2533 |   7244 |  10 | 1275.8 |
        Temple |    201 |    130 |     71 |      0 |    125 |   1 |  201.0 |
       Ossuary |    677 |    677 |      0 |      0 |    396 |   1 |  677.0 |
        Bailey |    819 |    819 |      0 |    188 |    301 |   1 |  819.0 |
               +--------+--------+--------+--------+--------+-----+--------+

Top non-repeatable levels by time:
     D:8: 1931 daAuts
     D:7: 1562 daAuts
     D:1: 1553 daAuts
     D:2: 1518 daAuts
    D:10: 1303 daAuts
     D:5: 1154 daAuts
     D:3: 1021 daAuts
     D:6: 999 daAuts
     D:4: 898 daAuts
  Bailey: 819 daAuts
     D:9: 816 daAuts
 Ossuary: 677 daAuts
  Temple: 201 daAuts
